 Dungeon Crawl Stone Soup version 0.29.0-4-gdea44cf6ec (webtiles) character file.

Game seed: 17784247620887014882

1 112233 the Vexing (level 1, 0/7 HPs)
             Began as a Felid Enchanter on Aug 26, 2022.
             Slain by a hobgoblin (3 damage)
             ... on level 1 of the Dungeon.
             The game lasted 00:00:23 (180 turns).

112233 the Vexing (Felid Enchanter)                  Turns: 180, Time: 00:00:23

Health: 0/7        AC:  1    Str:  4    XL:     1   Next: 16%
Magic:  4/4        EV: 17    Int: 16    God:
Gold:   24         SH:  0    Dex: 16    Spells: 4/4 levels left
                                        Lives:  0   Deaths: 0

rFire   . . .      SeeInvis +     - Unarmed
rCold   . . .      Faith    .   (shield unavailable)
rNeg    . . .      Spirit   .   (body armour unavailable)
rPois   .          Reflect  .   (helmet unavailable)
rElec   .          Harm     .   (cloak unavailable)
rCorr   .          Rampage  .   (gloves unavailable)
Will    .....                   (boots unavailable)
Stlth   +++.......              (no amulet)
HPRegen 0.02/turn               (no ring)
MPRegen 0.09/turn               (no ring)

@: quick
A: very small, claws 1, fangs 3, see invisible, speed 1, shaggy fur 1, stealthy
paws, no weapons or thrown items, no armour, multi-lived
a: no special abilities


You were on level 1 of the Dungeon.
You visited 1 branch of the dungeon, and saw 1 of its levels.

You collected 24 gold pieces.

Inventory:

Scrolls
 b - a scroll of brand weapon {unknown}
 c - a scroll of fear {unknown}
 d - a scroll of teleportation {unknown}
Potions
 a - 2 potions of invisibility
 e - a potion of flight {unknown}


   Skills:
 - Level 2.7 Dodging
 - Level 4.0 Stealth
 - Level 1.0 Unarmed Combat
 - Level 2.0 Spellcasting
 + Level 4.4 Hexes


You had 4 spell levels left.
You didn't know any spells.
Your spell library contained the following spells:

 Spells                   Type           Power      Damage    Failure   Level
 Confusing Touch          Hex            15%        N/A       10%         3
 Tukima's Dance           Hex            15%        N/A       10%         3
 Ensorcelled Hibernation  Hex/Ice        16%        N/A       13%         2
 Dazzling Flash           Conj/Hex       16%        N/A       26%         3


Dungeon Overview and Level Annotations

Branches:
Dungeon (1/15)

Altars:


Innate Abilities, Weirdness & Mutations

You have sharp claws.
You have razor-sharp teeth.
You have supernaturally acute eyesight. (SInv)
You cover ground quickly. (Speed+)
You are covered in fur. (AC +1)
Your paws help you pounce on unaware monsters.
You are incapable of wielding weapons or throwing items.
You cannot wear armour.
You gain extra lives every three experience levels.


Message History

b - a scroll labelled OTAC HEVILIKKOLO
Found a dagger.
A giant cockroach comes into view.
A giant cockroach is nearby!
A giant cockroach is nearby!
Found a scroll labelled TOISIM CIULUQ.
Found 15 gold pieces.
You pounce on the unaware helpless giant cockroach!
You claw the giant cockroach!
You kill the giant cockroach!
No target in view!
Found a robe.
Found 8 stones.
c - a scroll labelled TOISIM CIULUQ You now have 16 gold pieces (gained 15).
Found a stone staircase leading down.
Unknown command.
d - a scroll labelled NIDE MUADUVVOJ You now have 24 gold pieces (gained 8).
e - a purple potion A hobgoblin comes into view.
The hobgoblin shouts!
Unknown command.
You closely miss the hobgoblin. The hobgoblin hits you.
You scratch the hobgoblin.
The hobgoblin is moderately wounded.
The hobgoblin hits you.
You scratch the hobgoblin.
The hobgoblin is heavily wounded.
The hobgoblin completely misses you.
Unknown command.
You closely miss the hobgoblin.
The hobgoblin is moderately wounded.
A rat comes into view.
The hobgoblin hits you.
Unknown command.
You scratch the hobgoblin.
The hobgoblin is heavily wounded.
The hobgoblin hits you.
You die...

#.##.#####..####
.....##........# ##
#..##..##...##... .#
...##..##........ #.##
###..##..######## ...#
###..##..### ###...###
#..##..##..# #.......#
#..##<.##..# #g.....r.
###..##..#######@......#
###..##..###.....#...#..
...##..##..#.....# ..#
...##..##........# ...
##.##.##.###.....# #.#
##.##.##. #.....# #
#.##.##. #######
#.##.##. #.. ....


You could see a hobgoblin and a rat.

Vanquished Creatures
  A giant cockroach (D:1)
1 creature vanquished.

Notes
Turn   | Place    | Note
-------+----------+-------------------------------------------
     0 | D:1      | 112233 the Felid Enchanter began the quest for the Orb.
     0 | D:1      | Reached XP level 1. HP: 7/7 MP: 4/4
   180 | D:1      | Slain by a hobgoblin

Illustrated notes

Levels and vault maps discovered:
D:1:      lightli_iron_boxes, layout_loops_cross,
          hellmonk_ecumenical_altar_arch_garden

Action                   || total
-------------------------++-------
Melee: Unarmed           ||     6
 Stab: Sleeping          ||     1
Dodge: Dodged            ||     1
